 BcadrenCrawl: Boulder Brew version 0.04.2-3-g40356c7de1 (webtiles) character file.

Game seed: 17381080809931011901, levelgen mode: deterministic

178 gruber the Unbeliever (level 5, -3/40 HPs) Gnoll Demonspawn. Began on Apr 27, 2021. Splashed by a jelly's acid (9 damage) ... on level 1 of the Dungeon. The game lasted 00:02:58 (667 turns).

gruber the Unbeliever (Gnoll Demonspawn)             Turns: 667, Time: 00:02:59

Health: -3/40      AC: -2    Str: 16    XL:     5 ^: 64
Magic:  10/10      EV: 15    Int: 16    God:
Gold:   1407       SH:  0    Dex: 14    Spells: 9/10 levels left

rFire    . . .     Vision   .   a - +0 long sword
rCold    . . .     Gourm    .   o - +1 dagger (venom)
rNeg     . . .     Faith    .   b - +0 leather armour
rPois    +         Spirit   .   (no helmet)
rElec    .         Reflect  .   (no cloak)
rCorr    .         Harm     .   (no gloves)
MR       .....                  (no boots)
Stlth    +.........             (no amulet)
HPRegen  0.23/turn              m - ring of poison resistance
MPRegen  0.20/turn              (no ring)

@: corroded, very slow
A: distributed training, fangs 1, yellow scales 1, spiny 1, rot immunity, strong
nose
a: no special abilities


You were on level 1 of the Dungeon.
You were not hungry.

You visited 1 branch of the dungeon, and saw 2 of its levels.

You collected 1407 gold pieces.

Inventory:

Weapons
 a - a +0 long sword (weapon)
 o - a +1 dagger of venom (weapon)
Armour
 b - a +0 leather armour (worn)
Jewellery
 i - a cursed amulet of guardian spirit {(Curse: MR-)}
 j - a cursed ring of dexterity {(Curse: *Drain rC-)}
 m - a ring of poison resistance (left hand)
Scrolls
 c - a scroll of fog
 g - a scroll of fear
 k - 3 scrolls of blinking
 l - a scroll of enchantment
Potions
 e - a potion of heal wounds
 f - 2 potions of resistance
 h - a potion of agility
 n - a potion of cancellation
 p - a potion of might
Comestibles
 d - 3 rations


   Skills:
 + Level 2.9 Fighting
 + Level 1.4 Short Blades
 + Level 4.7 Long Blades
 + Level 1.4 Axes & Hammers
 + Level 1.4 Whips & Flails
 + Level 1.4 Polearms
 + Level 1.4 Maces & Staves
 + Level 1.4 Slings
 + Level 1.4 Bows
 + Level 1.4 Crossbows
   Level 0.0 Throwing
 + Level 1.4 Armour
 + Level 6.6 Dodging
 + Level 4.3 Stealth
 + Level 1.4 Shields
 + Level 1.4 Unarmed Combat
 + Level 3.1 Spellcasting
 + Level 1.1 Hexes
 + Level 1.1 Charms
 + Level 1.1 Summonings
 + Level 1.1 Necromancy
 + Level 1.1 Translocations
 + Level 1.1 Transmutations
 + Level 3.9 Fire Magic
 + Level 1.1 Ice Magic
 + Level 1.1 Air Magic
 + Level 1.1 Earth Magic
 + Level 1.1 Poison Magic
 + Level 7.0 Invocations
 + Level 1.4 Evocations


You had 9 spell levels left.
You knew the following spells:

 Your Spells              Type           Power        Failure   Level  Hunger
a - Flame Tongue          Fire           15 (30)      4%          1    None

Your spell library contained the following spells:

 Spells                   Type           Power        Failure   Level  Hunger
 Conjure Flame            Fire           15 (100)     12%         3    ###....
 Blink                    Tloc           N/A          21%         2    ##.....
 Call Imp                 Summ           6 (100)      21%         2    ##.....
 Slow                     Hex            6 (100)      21%         2    ##.....
 Mephitic Cloud           Pois/Air       6 (100)      36%         3    ###....


Dungeon Overview and Level Annotations

Branches:
Dungeon (2/8)

Altars:


Innate Abilities, Weirdness & Mutations

Your experience applies equally to all skills.
You have very sharp teeth.
You are partially covered in yellow scales. (AC +2)
You are partially covered in sharp spines.
You are immune to rotting.
Your uncanny sense of smell can sniff out nearby items.


Message History

You have reached level 5!
The jelly hits you but does no damage.
The jelly splashes around in the water.
Unknown command.
Unknown command.
You enter the shallow water.
Moving in this stuff is going to be slow.
Things that are here:
a +0 dagger the cursed amulet of the Air {-Vis +Fly rElec EV+5 RMsl, (Curse: rF-)} a big kobold corpse You slash the jelly (13)!
Your hands burn (3).
* * * LOW HITPOINT WARNING * * *
You hit the jelly but do no damage. The acid corrodes you!
Your hands burn (4).
* * * LOW HITPOINT WARNING * * *
The jelly blocks your attack.
The jelly is almost dead. (1/16) HP The jelly hits you (2).
* * * LOW HITPOINT WARNING * * *
You are splashed with acid (9)!
You die...

#...# #.####..# #.
#...#####.####..# #.
#...#...#.......# #######
## ##........#####.##
#.≈>.]# #
...........####.#####.≈...#
#
.≈............#...........#
##
.≈>≈.......##....####.....#
#. ##≈.÷.....###.##.#
#.....# #.
#÷..#...####.##@##########
#^ #...#####.....≈J≈.## #.
#...# #.....≈≈##.## #.
#...# #.##..).###.# #.
#...#
#.##.....##.###########.
##.##
#.#......##.#...........
###.###
###+##...#.##.....######
......# ##.#..........)..#
###.### ##..#########..÷..#


You could see a jelly.

Vanquished Creatures
  A big kobold (D:1)
  2 giant cockroaches (D:1)
  A gnoll (D:1)
  5 cinder newts
  An ooze (D:2)
  A leopard gecko (D:2)
  2 bats (D:1)
  6 goblins (D:1)
  3 hobgoblins (D:1)
  2 ball pythons
  7 kobolds (D:1)
  6 rats (D:1)
37 creatures vanquished.

Vanquished Creatures (others)
  A withered plant (D:2)
1 creature vanquished.

Grand Total: 38 creatures vanquished

Notes
Turn   | Place    | Note
-------+----------+-------------------------------------------
     0 | D:1      | gruber the Gnoll Demonspawn began the quest for the Orb.
     0 | D:1      | Reached XP level 1. HP: 17/17 MP: 4/4
    67 | D:1      | Gained mutation: You are partially covered in sharp spines.
                  | [demonic ancestry]
    67 | D:1      | Reached XP level 2. HP: 23/23 MP: 6/6
   133 | D:1      | Identified a scroll of acquirement
   157 | D:1      | Gained mutation: You are partially covered in yellow
                  | scales. (AC +2) [demonic ancestry]
   157 | D:1      | Reached XP level 3. HP: 28/28 MP: 7/7
   286 | D:1      | Gained mutation: You are immune to rotting. [demonic
                  | ancestry]
   286 | D:1      | Reached XP level 4. HP: 34/34 MP: 9/9
   355 | D:1      | Reached skill level 1 in Short Blades
   355 | D:1      | Reached skill level 1 in Axes & Hammers
   355 | D:1      | Reached skill level 1 in Whips & Flails
   355 | D:1      | Reached skill level 1 in Polearms
   355 | D:1      | Reached skill level 1 in Maces & Staves
   355 | D:1      | Reached skill level 1 in Slings
   355 | D:1      | Reached skill level 1 in Bows
   355 | D:1      | Reached skill level 1 in Crossbows
   355 | D:1      | Reached skill level 1 in Armour
   355 | D:1      | Reached skill level 1 in Shields
   355 | D:1      | Reached skill level 1 in Unarmed Combat
   355 | D:1      | Reached skill level 1 in Evocations
   653 | D:2      | Noticed a big kobold
   665 | D:1      | Killed a big kobold
   665 | D:1      | Reached skill level 1 in Hexes
   665 | D:1      | Reached skill level 1 in Charms
   665 | D:1      | Reached skill level 1 in Summonings
   665 | D:1      | Reached skill level 1 in Necromancy
   665 | D:1      | Reached skill level 1 in Translocations
   665 | D:1      | Reached skill level 1 in Transmutations
   665 | D:1      | Reached skill level 1 in Ice Magic
   665 | D:1      | Reached skill level 1 in Air Magic
   665 | D:1      | Reached skill level 1 in Earth Magic
   665 | D:1      | Reached skill level 1 in Poison Magic
   665 | D:1      | Reached skill level 7 in Invocations
   665 | D:1      | Reached XP level 5. HP: 13/40 MP: 10/10
   667 | D:1      | Splashed by a jelly's acid

Levels and vault maps discovered:
D:1:      mrwooster_arrival_arrow, layout_loops_cross
D:2:      layout_sewer, sewer_frog_pond, first_ration

Skill      XL: |  1  2  3  4 |
---------------+-------------+-----
Short Blades   | 1 |  1.4
Axes & Hammers | 1 |  1.4
Whips & Flails | 1 |  1.4
Polearms       | 1 |  1.4
Maces & Staves | 1 |  1.4
Slings         | 1 |  1.4
Bows           | 1 |  1.4
Crossbows      | 1 |  1.4
Armour         | 1 |  1.4
Shields        | 1 |  1.4
Unarmed Combat | 1 |  1.4
Evocations     | 1 |  1.4
Spellcasting   | 3 |  3.1
Hexes          | 1 |  1.1
Charms         | 1 |  1.1
Summonings     | 1 |  1.1
Necromancy     | 1 |  1.1
Translocations | 1 |  1.1
Transmutations | 1 |  1.1
Ice Magic      | 1 |  1.1
Air Magic      | 1 |  1.1
Earth Magic    | 1 |  1.1
Poison Magic   | 1 |  1.1
Invocations    | 7 |  7.0
Fighting       | |  2.9
Long Blades    | |  4.7
Dodging        | |  6.6
Stealth        | |  4.3
Fire Magic     | |  3.9

Action                   |  1- 3 |  4- 6 || total
-------------------------+-------+-------++-------
Melee: Long sword        |    19 |    24 ||    43
       Unarmed           |     9 |     2 ||    11
       Bite              |     1 |     1 ||     2
       Dagger            |       |     7 ||     7
  Use: Scroll            |     1 |       ||     1
 Stab: Sleeping          |     3 |     7 ||    10
Armor: Leather armour    |     2 |     5 ||     7
Dodge: Dodged            |    15 |    23 ||    38
       Rpst.: Long sword |     4 |     4 ||     8
